 Dungeon Crawl Stone Soup version 0.27-a0-906-g0a00ce863d (webtiles) character file.

Game seed: 8285227427639931820

71 rageheart7 the Skirmisher (level 4, -1/55 HPs)
             Began as an Ogre Fighter on Apr 6, 2021.
             Slain by Crazy Yiuf
             ... wielding a +2 quarterstaff of chaos
              (4 damage)
             ... while petrified by Crazy Yiuf
             ... on level 2 of the Dungeon.
             The game lasted 00:04:25 (1822 turns).

rageheart7 the Skirmisher (Ogre Fighter)            Turns: 1822, Time: 00:04:26

Health: -1/55      AC:  3    Str: 21    XL:     4   Next: 24%
Magic:  1/4        EV:  1    Int:  9    God:
Gold:   113        SH:  0    Dex:  8    Spells: 3/3 levels left

rFire    + + .     SeeInvis .   a - +0 trident
rCold    . . .     Faith    .   c - +0 kite shield
rNeg     + + +     Spirit   .   b - +0 robe
rPois    ∞         Reflect  .   (helmet restricted)
rElec    +         Harm     .   (no cloak)
rCorr    .         Rampage  .   (gloves unavailable)
Will     .....                  (boots unavailable)
Stlth    +.........             (no amulet)
HPRegen  0.18/turn              g - ring of Ivuokh {Drain Fly rElec rF+}
MPRegen  0.09/turn              (no ring)

@: mighty, agile, petrified, flying, hasted
A: large, unfitting armour, tough skin 1, fire resistance 1, robust 1,
MP-powered wands
a: no special abilities


You were on level 2 of the Dungeon.
You visited 1 branch of the dungeon, and saw 3 of its levels.

You collected 113 gold pieces.

Inventory:

Hand Weapons
 a - a +0 trident (weapon)
Armour
 b - a +0 robe (worn)
 c - a +0 kite shield (worn)
Jewellery
 g - the ring of Ivuokh (left hand) {Drain Fly rElec rF+}
   (You acquired it on level 2 of the Dungeon)

   [ring of flight]

   It protects you from fire.
   It insulates you from electricity.
   It grants you flight.
   It drains your maximum health when unequipped.
Potions
 e - a potion of brilliance {unknown}
 f - a potion of flight {unknown}
 h - a potion of cancellation {unknown}
 l - a potion of mutation


   Skills:
 * Level 5.4 Fighting
 * Level 3.3 Polearms
 - Level 2.6 Dodging
 - Level 2.6 Shields


You had 3 spell levels left.
You didn't know any spells.
Your spell library contained the following spells:

 Spells                   Type           Power      Damage    Failure   Level
 Magic Dart               Conj           0%         1d3       85%         1
 Blink                    Tloc           N/A        N/A       94%         2
 Call Imp                 Summ           0%         N/A       94%         2
 Slow                     Hex            0%         N/A       94%         2
 Conjure Flame            Conj/Fire      0%         6-21      99%         3
 Mephitic Cloud           Conj/Pois/Air  0%         N/A       99%         3


Dungeon Overview and Level Annotations

Branches:
Dungeon (3/15)

Altars:

Annotations:
D:2 Crazy Yiuf


Innate Abilities, Weirdness & Mutations

You are too large for most types of armour.
You have tough skin. (AC +1)
Your flesh is heat resistant. (rF+)
You are robust. (+10% HP)
You expend magic power (3 MP) to strengthen your wands.


Message History

Crazy Yiuf shouts!
Could not explore, unopened runed door.
You aren't carrying any scrolls.
You aren't carrying any scrolls.
Really quaff the potion of mutation?
You feel extremely strange.
You feel robust.
You feel resistant to heat.
You feel your magical essence link to the dungeon's wands.
Crazy Yiuf laughs, "Gnoll!
Aardvark ragdoll water."
You feel very mighty all of a sudden.
You reach down and open the door.
You barely miss Crazy Yiuf.
Crazy Yiuf hits you with a +2 quarterstaff of chaos!
You barely miss Crazy Yiuf.
Crazy Yiuf grits, "Gnoll!"
Crazy Yiuf hits you with a +2 quarterstaff of chaos!
You are slowing down.
You puncture Crazy Yiuf!
Crazy Yiuf is severely wounded.
Crazy Yiuf completely misses you. Crazy Yiuf hits you but does no damage.
You feel agile all of a sudden.
Crazy Yiuf hits you with a +2 quarterstaff of chaos.
You feel your power leaking away.
You have turned to stone.
Crazy Yiuf hits you with a +2 quarterstaff of chaos!
You feel mightier all of a sudden.
Crazy Yiuf hits you with a +2 quarterstaff of chaos!
* * * LOW HITPOINT WARNING * * *
You feel yourself speed up.
Crazy Yiuf says, "Prologue!"
Crazy Yiuf hits you with a +2 quarterstaff of chaos!
* * * LOW HITPOINT WARNING * * *
Crazy Yiuf burns you.
* * * LOW HITPOINT WARNING * * *
Crazy Yiuf hits you with a +2 quarterstaff of chaos!
* * * LOW HITPOINT WARNING * * *
Crazy Yiuf freezes you.
* * * LOW HITPOINT WARNING * * *
Crazy Yiuf hits you with a +2 quarterstaff of chaos!
You die...

######### #.......#
##### #.......# #..)#
#.......# #...#
...###### *...* .#.#
*#g#* .#.# ♣♣@♣ .#.###
♣.♣♣ .....# ♣♣.♣ .....#
#### ♣.♣♣ .....# #..#
♣♣.♣♣ .....# #<.#
♣...♣♣ .....# #..#
♣....♣ .....# ##..#
#....#
#.######...####..######


You could see Crazy Yiuf.

Vanquished Creatures
  3 adders (D:2)
  An orc (D:3)
  4 endoplasms
  3 giant cockroaches (D:1)
  3 goblins (D:1)
  2 hobgoblins (D:1)
  4 jackals (D:2)
  5 quokkas
  5 ball pythons
  4 bats
  5 kobolds (D:1)
  2 rats (D:1)
41 creatures vanquished.

Vanquished Creatures (others)
  2 plants
2 creatures vanquished.

Grand Total: 43 creatures vanquished

Notes
Turn   | Place    | Note
-------+----------+-------------------------------------------
     0 | D:1      | rageheart7 the Ogre Fighter began the quest for the Orb.
     0 | D:1      | Reached XP level 1. HP: 24/24 MP: 1/1
   175 | D:1      | Found a faded altar of an unknown god.
   178 | D:1      | Reached XP level 2. HP: 33/33 MP: 2/2
   595 | D:1      | Reached XP level 3. HP: 41/41 MP: 3/3
   993 | D:2      | Reached skill level 5 in Fighting
  1153 | D:2      | Reached XP level 4. HP: 41/50 MP: 4/4
  1521 | D:2      | Found a runed translucent door.
  1522 | D:2      | Noticed Crazy Yiuf
  1528 | D:2      | Identified a scroll of acquirement
  1528 | D:2      | Acquired the ring of Ivuokh {Drain Fly rElec rF+}
  1812 | D:2      | Gained mutation: You are robust. (+10% HP) [potion of
                  | mutation]
  1812 | D:2      | Gained mutation: Your flesh is heat resistant. (rF+)
                  | [potion of mutation]
  1812 | D:2      | Gained mutation: You expend magic power (3 MP) to
                  | strengthen your wands. [potion of mutation]
  1822 | D:2      | Slain by Crazy Yiuf

Illustrated notes

Levels and vault maps discovered:
D:1:      eino_arrival_druids_welcome, layout_basic,
          shapermc_ecumenical_altar_totnotflames
D:2:      layout_rooms, chequers_serial_rivers_room_a, uniq_crazy_yiuf_cottage
D:3:      lemuel_castle_with_subvaults [lemuel_castle_interior_carwin_2],
          layout_rooms, amcnicky_altar_gilded, serial_bayou,
          serial_bayou_pond_a, serial_bayou_shore_a, serial_bayou_pond_b,
          serial_bayou_ford_a

Skill      XL: |  1  2  3 |
---------------+----------+-----
Fighting       | 5 |  5.4
Polearms       | 3 |  3.3
Dodging        | |  2.6
Shields        | |  2.6

Action                   |  1- 3 |  4- 6 || total
-------------------------+-------+-------++-------
Melee: Trident           |    82 |    35 ||   117
  Use: Scroll            |       |     4 ||     4
       Potion            |       |     2 ||     2
 Stab: Sleeping          |     2 |       ||     2
Armor: Robe              |    12 |    11 ||    23
Dodge: Dodged            |    27 |    20 ||    47
Block: Kite shield       |    36 |    14 ||    50

Table legend: (Time is in decaauts)
 A = Elapsed time spent in this place.
 B = Non-inter-level travel time spent in this place.
 C = Inter-level travel time spent in this place.
 D = Time resting spent in this place.
 E = Time spent auto-exploring this place.
 F = Levels seen in this place.
 G = Mean time per level.
                   A        B        C        D        E       F      G
               +--------+--------+--------+--------+--------+-----+--------+
         Total |   1867 |   1847 |     20 |      0 |   1511 |   3 |  622.3 |
       Dungeon |   1867 |   1847 |     20 |      0 |   1511 |   3 |  622.3 |
               +--------+--------+--------+--------+--------+-----+--------+

Top non-repeatable levels by time:
     D:1: 1013 daAuts
     D:2: 795 daAuts
     D:3: 58 daAuts
